Map: Abyssal Reef LE

Players

TLO - Winner!

  • Race: Zerg Zerg
  • Spawn Location: 11:00

Alexander

  • Race: Terran Terran
  • Spawn Location: 5:00

Event: WCS Austin 2017

VOD

Have the link to the VOD?

Description

Time

  • Played on: April 28, 2017, 1:11 p.m.
  • Length: 6:49

All games in this series

Show
View Real Time Build Order
Export as new Build Order

TLO Zerg - Winner!

Build Orders: Hatch First 

Get SALT Encoding   

  12  0:00  Drone  
  13  0:13  Overlord  
  13  0:17  Drone  
  14  0:31  Drone x2  
  16  0:49  Hatchery  
  15  0:53  Drone  
  15  0:56  Drone  
  17  0:59  Drone  
  18  1:07  Extractor  
  17  1:15  Spawning Pool  
  16  1:20  Drone  
  16  1:22  Drone  
  18  1:30  Drone  
  19  1:39  Overlord  
  19  1:50  Drone  
  20  2:02  Queen x2  
  20  2:03  Zergling x2  
  20  2:05  Zergling x2  
  26  2:10  Metabolic Boost  
  26  2:15  Drone  
  27  2:17  Drone  
  28  2:26  Drone x2  
  30  2:40  Hatchery  
  28  2:44  Drone  
  28  2:45  Drone  
  28  2:50  Queen  
  32  2:55  Overlord  
  32  2:57  Zergling x2  
  33  3:00  Zergling x2  
  33  3:03  Drone  
  35  3:15  Zergling x4  
  35  3:17  Drone x4  
  41  3:20  Overlord  
  41  3:27  Queen  
  41  3:32  Overlord  
  43  3:36  Overlord  
  43  3:39  Drone  
  44  3:43  Drone  
  44  3:44  Baneling Nest  
  44  3:45  Drone  
  45  3:49  Drone  
  45  3:51  Drone  
  45  3:52  Drone  
  45  3:54  Drone  
  49  3:57  Drone x2  
  51  4:06  Drone x2  
  51  4:07  Drone  
  51  4:09  Drone  
  55  4:11  Extractor  
  55  4:12  Queen  
  55  4:13  Drone  
  55  4:15  Drone  
  55  4:16  Drone  
  59  4:17  Drone  
  59  4:20  Drone  
  59  4:23  Drone x2  
  63  4:25  Drone  
  63  4:27  Zergling x2  
  63  4:28  Zergling x2  
  63  4:30  Zergling x2  
  67  4:32  Zergling x2  
  67  4:37  Zergling x2, Spine Crawler  
  67  4:38  Zergling x2  
  69  4:39  Zergling x2  
  69  4:40  Zergling x2  
  69  4:42  Zergling x2  
  69  4:43  Zergling x2  
  73  4:48  Baneling x2  
  73  4:49  Evolution Chamber  
  73  4:50  Zergling x2, Evolution Chamber  
  73  4:51  Zergling x2  
  73  4:54  Drone  
  73  4:56  Overlord  
  73  4:57  Overlord  
  74  5:01  Overlord  
  74  5:08  Baneling  
  74  5:10  Overlord  
  74  5:16  Drone x2  
  74  5:17  Drone  
  74  5:18  Drone, Zergling x4  
  74  5:19  Zergling x2  
  81  5:22  Drone, Zergling x2  
  81  5:24  Drone x2  
  81  5:26  Drone  
  86  5:29  Zergling x4  
  86  5:32  Zergling x4  
  90  5:39  Zergling x2  
  89  5:48  Zergling x2  
  90  5:51  Hatchery  
  90  5:53  Zergling x6  
  92  5:57  Baneling x11  
  92  6:00  Zergling x2  
  92  6:01  Zergling x2, Overlord  
  92  6:02  Overlord x2  
  92  6:03  Zergling x2  
  95  6:05  Overlord x2  
  95  6:06  Baneling x2  
  95  6:12  Overlord, Extractor  
  95  6:13  Zergling x2  
  95  6:16  Baneling x2  
  95  6:23  Zergling x2  
  95  6:24  Zergling x8  
  95  6:25  Zergling x2  
  97  6:26  Zergling x4  
  97  6:30  Zergling x4  
  95  6:36  Drone x4  
Show
View Real Time Build Order
Export as new Build Order

Alexander Terran 

Build Orders: Reaper Expand 

Get SALT Encoding   

  12  0:00  SCV  
  13  0:13  SCV  
  14  0:21  Supply Depot  
  14  0:25  SCV  
  16  0:42  SCV  
  16  0:47  Barracks  
  16  0:50  Refinery  
  16  0:55  SCV  
  17  1:07  SCV  
  18  1:19  SCV  
  19  1:33  Orbital Command  
  19  1:34  Reaper  
  20  1:51  Command Center  
  20  2:03  SCV  
  20  2:07  Barracks Reactor  
  21  2:08  Barracks  
  21  2:15  SCV  
  22  2:19  Supply Depot  
  22  2:27  SCV  
  23  2:41  Refinery, SCV  
  23  2:42  Factory  
  24  2:48  Marine x2  
  26  2:53  SCV  
  27  3:02  Barracks Tech Lab  
  27  3:06  Marine x2, SCV  
  27  3:07  Orbital Command  
  30  3:20  SCV  
  30  3:21  Stimpack  
  30  3:22  Marine  
  30  3:24  Marine x2  
  34  3:33  Starport  
  34  3:38  Factory Reactor  
  34  3:39  Marine  
  36  3:41  SCV  
  36  3:42  Marine x2  
  36  3:47  Supply Depot  
  38  3:52  Supply Depot  
  38  3:53  SCV  
  39  3:57  Marine  
  39  3:59  Marine  
  41  4:08  SCV x2  
  43  4:14  Marine  
  43  4:15  Marine  
  45  4:17  Engineering Bay  
  45  4:21  Supply Depot  
  45  4:31  Medivac  
  45  4:32  Widow Mine, Medivac  
  45  4:33  Marine x3  
  45  4:36  SCV  
  55  4:42  Engineering Bay  
  55  4:48  Supply Depot, SCV  
  55  4:52  SCV  
  57  4:58  Refinery  
  57  5:02  Marine x3  
  60  5:17  Refinery  
  60  5:19  Marine x2  
  60  5:20  Marine  
  63  5:23  Widow Mine, Medivac  
  63  5:24  SCV  
  63  5:25  SCV  
  69  5:29  Barracks  
  69  5:36  SCV  
  69  5:37  Marine x2, SCV  
  67  5:45  Marine  
  67  5:49  SCV x2  
  61  5:50  Supply Depot  
  61  5:51  Supply Depot  
  61  5:54  Factory Reactor  
  61  5:55  Marine  
  61  5:56  Barracks  
  62  6:02  Marine  
  62  6:03  Marine, SCV x2  
  62  6:04  Medivac  
  68  6:13  Marine  
  69  6:19  Marine  
  69  6:20  Marine, SCV x2  
Tags
 
Add a new tag
Caveats
  • Supply blocks, unpowered buildings, or Contaminate may cause inaccurate times.
  • Supply counts are checked every 10 seconds.